 Dungeon Crawl Stone Soup version 0.30-a0-878-gc727b3d3d6 (webtiles) character file.

Game seed: 15309614915813603433

195 Corto the Digger (level 5, -5/28 HPs)
             Began as a Gargoyle Earth Elementalist on Mar 12, 2023.
             Slain by an orc warrior
             ... wielding a +0 halberd of flaming
              (6 damage)
             ... on level 3 of the Dungeon.
             The game lasted 00:05:45 (2322 turns).

Corto the Digger (Gargoyle Earth Elementalist)      Turns: 2322, Time: 00:05:46

Health: -5/28      AC:  6    Str: 11    XL:     5   Next: 74%
Magic:  6/10       EV: 11    Int: 18    God:
Gold:   135        SH:  0    Dex: 10    Spells: 7/11 levels left

rFire   . . .      SeeInvis +    d - +1 whip (venom)
rCold   + . .      Faith    .    (no shield)
rNeg    + . .      Spirit   .    a - +0 robe
rPois   ∞          Reflect  .    (no helmet)
rElec   +          Rampage  .    (no cloak)
rCorr   .                        (no gloves)
Will    .....                    (no boots)
Stlth   ++                       g - amulet of the acrobat
HPRegen 0.24/turn                f - ring of see invisible
MPRegen 0.12/turn                i - ring of protection from cold

@: no status effects
A: sickness immunity, AC +4, negative energy resistance 1, electricity
resistance, torment resistance 1, petrification resistance
a: no special abilities


You were on level 3 of the Dungeon.
You visited 1 branch of the dungeon, and saw 3 of its levels.

You collected 135 gold pieces.

Inventory:

Hand Weapons
 d - a +1 whip of venom (weapon)
 m - a +3 club
 n - a +0 mace
Armour
 a - a +0 robe (worn)
Jewellery
 f - a ring of see invisible (left hand)
 g - an amulet of the acrobat (around neck)
 i - a ring of protection from cold (right hand)
Scrolls
 c - 2 scrolls of vulnerability {unknown}
 e - 3 scrolls of identify {unknown}
 j - a scroll of noise {unknown}
 o - a scroll of magic mapping {unknown}
Potions
 b - a potion of magic
 h - 3 potions of curing {unknown}
 k - a potion of brilliance {unknown}
 l - a potion of lignification {unknown}
 p - a potion of might {unknown}


   Skills:
 - Level 1.5 Dodging
 - Level 2.1 Stealth
 + Level 3.6 Spellcasting
 + Level 2.5 Conjurations
 - Level 0.7 Transmutations
 + Level 5.4 Earth Magic


You had 7 spell levels left.
You knew the following spells:

 Your Spells              Type           Power      Damage    Failure   Level
a - Sandblast             Erth           44%        2d11      1%          1
b - Stone Arrow           Conj/Erth      34%        3d9       9%          3

Your spell library contained the following spells:

 Spells                   Type           Power      Damage    Failure   Level
 Passwall                 Tmut/Erth      11%        N/A       7%          2
 Blink                    Tloc           6%         N/A       24%         2
 Petrify                  Tmut/Erth      14%        N/A       41%         4


Dungeon Overview and Level Annotations

Branches:
Dungeon (3/15)

Altars:

Shops:
D:1 (


Innate Abilities, Weirdness & Mutations

You are immune to sickness and miasma.
Your stone body is resilient. (AC +4)
You are immune to poison.
You resist negative energy. (rN+)
You are resistant to electric shocks. (rElec)
You are resistant to unholy torment.
You are immune to petrification.


Message History

The blast of sand hits the orc warrior but does no damage.
The orc warrior is moderately wounded.
The orc warrior shoots a bolt.
The bolt barely misses you.
You hear a shout! x2; You hear an angry hiss.
Casting: Sandblast (safe; 1% risk of failure)
Confirm with . or Enter, or press ? or * to list all spells.
The blast of sand hits the orc warrior.
The orc warrior is heavily wounded.
Casting: Sandblast (safe; 1% risk of failure)
Confirm with . or Enter, or press ? or * to list all spells.
The blast of sand hits the orc warrior but does no damage.
The orc warrior is heavily wounded.
The orc warrior unwields a +4 arbalest.
The orc warrior wields a +0 halberd of flaming.
It bursts into flame!
The orc warrior misses you.
An adder comes into view.
You closely miss the orc warrior.
The orc warrior is heavily wounded.
The orc warrior barely misses you.
An orc comes into view. It is wielding a +0 club.
The orc warrior hits you but does no damage.
You closely miss the orc warrior.
The orc warrior is heavily wounded.
The adder hisses angrily.
The orc warrior hits you but does no damage.
You hit the orc warrior but do no damage.
The orc warrior is heavily wounded.
The orc warrior hits you with a +0 halberd of flaming!
The orc warrior burns you.
You closely miss the orc warrior.
The orc warrior is heavily wounded.
The orc warrior barely misses you.
Casting: Sandblast (safe; 1% risk of failure)
Confirm with . or Enter, or press ? or * to list all spells.
The blast of sand hits the orc warrior.
The orc warrior is severely wounded.
The orc warrior hits you with a +0 halberd of flaming!
* * * LOW HITPOINT WARNING * * *
The orc warrior burns you.
You die... █•██••██•█ •••█ •••••█ █•██••██•███•█ █•••• ••••••••••o••████•█•█ █• ••••••••••••••••••••█•••• █•••••••███•••••o••>••••• █•••••███••••████S█• ••••███••••••█ █o█ █•███••••••••█ █o█ █•••███••••••████@█ ••••••███••)••••••█ █•███•••███••██████ █•• ███••••••█ █•• ███••••█ █••• ███••█ •••• ███••(•█ █•••███•••••†███ ••███••••••••••••

You could see an orc warrior, an adder and 2 orcs.

Vanquished Creatures
  Jessica (D:2)
  Natasha (thrice) (D:2)
  3 adders (D:2)
  A worm (D:2)
  An orc (D:2)
  4 bats
  8 endoplasms
  3 giant cockroaches
  4 goblins
  4 hobgoblins
  9 quokkas
  6 ball pythons
  4 frilled lizards
  8 kobolds
  5 rats
64 creatures vanquished.

Notes
Turn   | Place    | Note
-------+----------+-------------------------------------------
     0 | D:1      | Corto the Gargoyle Earth Elementalist began the quest for
                  | the Orb.
     0 | D:1      | Reached XP level 1. HP: 10/10 MP: 3/3
    48 | D:1      | Reached skill level 4 in Earth Magic
    48 | D:1      | Reached XP level 2. HP: 2/15 MP: 0/5
   449 | D:1      | Reached XP level 3. HP: 19/19 MP: 4/6
   453 | D:1      | Learned a level 3 spell: Stone Arrow
   571 | D:1      | Found Xuomopt's Weapon Shoppe.
  1058 | D:2      | Noticed Natasha
  1065 | D:2      | Killed Natasha
  1066 | D:2      | Reached skill level 1 in Conjurations
  1066 | D:2      | Reached XP level 4. HP: 24/24 MP: 3/8
  1127 | D:2      | Noticed Jessica
  1132 | D:2      | Killed Jessica
  1152 | D:2      | Got Jessica's Discourse on Displacement
  1329 | D:2      | Reached skill level 5 in Earth Magic
  1395 | D:2      | Noticed Natasha
  1401 | D:2      | Killed Natasha
  1402 | D:2      | Reached XP level 5. HP: 28/28 MP: 5/10
  1618 | D:2      | Noticed Natasha
  1627 | D:2      | Killed Natasha
  1802 | D:3      | Noticed an orc warrior
  2322 | D:3      | HP: 1/28 [orc warrior/+0 halberd of flaming (11)]
  2322 | D:3      | Slain by an orc warrior

Illustrated notes

Levels and vault maps discovered:
D:1:      dpeg_arrival_fog, layout_loops_ring, serial_shops,
          nicolae_shop_bloodbath_and_beyond
D:2:      layout_loops_ring, kennysheep_jessica_study, uniq_natasha
D:3:      layout_loops_ring, minmay_unequal

Skill      XL: |  1  2  3  4 |
---------------+-------------+-----
Earth Magic    | 4 5 |  5.4
Spellcasting   | 3 |  3.6
Conjurations   | 1 2 |  2.5
Dodging        | |  1.5
Stealth        | |  2.1
Transmutations | |  0.7

Action                     |  1- 3 |  4- 6 || total
---------------------------+-------+-------++-------
  Melee: Unarmed           |    16 |       ||    16
         Punch             |     1 |       ||     1
         Whip              |     4 |    17 ||    21
   Cast: Sandblast         |    41 |    46 ||    87
   Stab: Sleeping          |     1 |       ||     1
 Armour: Robe              |     6 |    11 ||    17
  Dodge: Dodged            |    16 |    21 ||    37

Table legend: (Time is in decaauts)
 A = Elapsed time spent in this place.
 B = Non-inter-level travel time spent in this place.
 C = Inter-level travel time spent in this place.
 D = Time resting spent in this place.
 E = Time spent auto-exploring this place.
 F = Levels seen in this place.
 G = Mean time per level.
                   A        B        C        D        E       F      G
               +--------+--------+--------+--------+--------+-----+--------+
         Total |   2396 |   2153 |    243 |     40 |   1736 |   3 |  798.7 |
       Dungeon |   2396 |   2153 |    243 |     40 |   1736 |   3 |  798.7 |
               +--------+--------+--------+--------+--------+-----+--------+

Top non-repeatable levels by time:
     D:2: 1154 daAuts
     D:1: 951 daAuts
     D:3: 289 daAuts
